 Dungeon Crawl Stone Soup version 0.21.1-1-g345015f (webtiles) character file.

22 sking99 the Sneak (level 2, 0/13 HPs)
             Began as a Spriggan Enchanter on June 20, 2018.
             Slain by an adder (1 damage)
             ... on level 2 of the Dungeon.
             The game lasted 00:07:46 (1452 turns).

sking99 the Sneak (Spriggan Enchanter)              Turns: 1452, Time: 00:07:47

Health: 0/13       AC:  1    Str:  4    XL:     2   Next: 68%
Magic:  2/6        EV: 18    Int: 16    God:
Gold:   58         SH:  0    Dex: 16    Spells: 3/6 levels left

rFire    . . .     SeeInvis +   a - +1 dagger
rCold    . . .     Gourm    .   (shield restricted)
rNeg     . . .     Faith    .   b - +0 robe
rPois    .         Spirit   .   (helmet restricted)
rElec    .         Reflect  .   (no cloak)
rCorr    .         Harm     .   (gloves unavailable)
MR       .....                  (boots unavailable)
Stlth    +++.......             (no amulet)
HPRegen  0.04/turn              (no ring)
MPRegen  0.10/turn              (no ring)

@: lethally poisoned (0 -> -5), very quick
A: very small, unfitting armour, antennae 1, see invisible, deformed body,
herbivore, speed 3, slow metabolism 2
a: no special abilities


You were on level 2 of the Dungeon.
You were not hungry.

You visited 1 branch of the dungeon, and saw 2 of its levels.

You collected 58 gold pieces.

Inventory:

Hand Weapons
 a - a +1 dagger (weapon)
Armour
 b - a +0 robe (worn)
 e - a cursed +0 robe
Scrolls
 g - a scroll of amnesia {unknown}
 h - a scroll of magic mapping {unknown}
 i - a scroll of enchant weapon {unknown}
 k - a scroll of identify {unknown}
 l - a scroll of random uselessness {unknown}
Potions
 j - a potion of mutation
 m - a potion of lignification {unknown}
Books
 c - a book of Maledictions

   Spells                             Type                      Level
   a - Corona                         Hexes                        1
   b - Ensorcelled Hibernation        Hexes/Ice                    2
   c - Confuse                        Hexes                        3
   d - Tukima's Dance                 Hexes                        3
   e - Dazzling Spray                 Conjuration/Hexes            3
Comestibles
 d - 4 rations


   Skills:
 + Level 2.1 Short Blades
 - Level 3.0 Dodging
 - Level 5.3 Stealth
 + Level 2.7 Spellcasting
 + Level 3.6 Hexes
 + Level 0.0 Ice Magic


You had 3 spell levels left.
You knew the following spells:

 Your Spells              Type           Power        Failure   Level  Hunger
a - Corona                Hex            ##.....      4%          1    #......
b - Ensorcelled Hibernat  Hex/Ice        #.....       14%         2    ##.....


Dungeon Overview and Level Annotations

Branches:
Dungeon (2/15)

Altars:


Innate Abilities, Weirdness & Mutations

You are very small and have problems with some larger weapons.
You are too small for most types of armour.
You have supernaturally acute eyesight. (SInv)
You are a herbivore.
You cover ground extremely quickly.
You need consume almost no food.
You have a pair of small antennae on your head.
Armour fits poorly on your strangely shaped body.


Message History

You hear an indistinct dissonance whispering inside your mind.
The adder bites you.
You are poisoned.
The adder poisons you!
Casting: Ensorcelled Hibernation
Confirm with . or Enter, or press ? or * to list all spells.
Aiming: Ensorcelled Hibernation
Press: ? - help, Shift-Dir - straight line, f/p - adder
Aim: an adder (chance to defeat MR: 49%)
The adder resists with some effort.
You feel sick. The adder bites you. The goblin hits you with a dagger.
* * * LOW HITPOINT WARNING * * *
* * * LOW HITPOINT WARNING * * *
You feel sick.
It was a potion of mutation.
You feel extremely strange.
Your body twists and deforms.
A pair of antennae grows on your head!
It was a potion of cancellation.
You feel magically purged.
Your magical contamination has completely faded away.
The adder bites you.
You die...

########.##
#.........#
###.####..# #.
#.#<....# #.
#.###.#.# #.# #.#
#...### #.. #.#
#...(.. #.##.#
#...####
#..#.###..@#
#...#.#..S#####
#.†#.#.#.g....#
#.#.#)#.......+
#..#†.$#......#
#...#.#.......+ # #
##.#.#.#......#.#.#
#..#.#....###....#
####.#.........###


You could see an adder and a goblin.

Vanquished Creatures
  A gnoll (D:1)
  A leopard gecko (D:2)
  A bat (D:2)
  2 hobgoblins (D:1)
  A jackal (D:1)
  3 goblins
  A kobold (D:1)
  2 rats (D:1)
12 creatures vanquished.

Notes
Turn   | Place    | Note
-------+----------+-------------------------------------------
     0 | D:1      | sking99 the Spriggan Enchanter began the quest for the Orb.
     0 | D:1      | Reached XP level 1. HP: 9/9 MP: 5/5
   940 | D:1      | Reached XP level 2. HP: 9/13 MP: 6/6
  1060 | D:1      | Reached skill level 5 in Stealth
  1428 | D:2      | Learned a level 2 spell: Ensorcelled Hibernation
  1451 | D:2      | Gained mutation: Armour fits poorly on your strangely shaped body. [potion of mutation]
  1451 | D:2      | Gained mutation: You have a pair of small antennae on your head. [potion of mutation]
  1452 | D:2      | Slain by an adder

Skill      XL: |  1  2 |
---------------+-------+-----
Short Blades   | 2 |  2.1
Stealth        | 5 |  5.3
Dodging        | |  3.0
Spellcasting   | |  2.7
Hexes          | |  3.6

Action                   || total
-------------------------++-------
Melee: Dagger            ||    66
 Cast: Corona            ||     1
       Ensorcelled Hiber ||     1
  Use: Potion            ||     2
 Stab: Sleeping          ||     3
Armor: Robe              ||     7
Dodge: Dodged            ||    51
